 Dungeon Crawl Stone Soup version 0.26-a0-307-g4e7fcc93f0 (webtiles) character file.

Game seed: 16924882867670059848

27009 ANON1729 the Thaumaturge (level 13, -13/86 HPs)
             Began as a Purple Draconian Conjurer on July 15, 2020.
             Was an Elder of Vehumet.
             Killed from afar by an ice dragon (46 damage)
             ... with a blast of cold
             ... on level 12 of the Dungeon.
             The game lasted 00:53:36 (21907 turns).

ANON1729 the Thaumaturge (DrCj)                    Turns: 21907, Time: 00:53:36

Health: -13/86     AC: 12    Str: 11    XL:     13   Next: 2%
Magic:  32/38      EV: 15    Int: 32    God:    Vehumet [****..]
Gold:   459        SH:  5    Dex: 10    Spells: 17/36 levels left

rFire    + + .     SeeInvis +   V - +3 spear of Profit {flame, rF+ MP+9 Int+4}
rCold    x x .     Faith    .   (no shield)
rNeg     + . .     Spirit   .   (armour unavailable)
rPois    .         Reflect  +   (helmet restricted)
rElec    .         Harm     .   U - +0 cloak "Senaz" {rC- rN+ SInv}
rCorr    .                      g - +1 pair of gloves
MR       +....                  k - +0 pair of boots
Stlth    ++++......             l - amulet of reflection
HPRegen  0.24/turn              K - +6 ring of intelligence
MPRegen  0.26/turn              a - ring of fire

@: studying Stealth
A: breathe power, unfitting armour, cold-blooded, AC +8
a: Breathe Dispelling Energy, Renounce Religion


You were on level 12 of the Dungeon.
You worshipped Vehumet.
Vehumet was greatly pleased with you.
You visited 2 branches of the dungeon, and saw 14 of its levels.
You also visited: Ice Cave.

You collected 674 gold pieces.
You spent 215 gold pieces at shops.

Inventory:

Hand Weapons
 i - a +1 quick blade
 V - the +3 spear of Profit (weapon) {flame, rF+ MP+9 Int+4}
   (You found it on level 10 of the Dungeon)

   It has been specially enchanted to burn those struck by it, causing extra
   injury to most foes and up to half again as much damage against particularly
   susceptible opponents.
   It affects your intelligence (+4).
   It protects you from fire.
   It affects your magic capacity (+9).
 Y - the +7 flail of a Thousand Lives {flame, +Blink Dex+7}
   (You found it on level 11 of the Dungeon)

   It has been specially enchanted to burn those struck by it, causing extra
   injury to most foes and up to half again as much damage against particularly
   susceptible opponents.
   It affects your dexterity (+7).
   It lets you blink.
Armour
 g - a +1 pair of gloves (worn)
 k - a +0 pair of boots (worn)
 p - the +2 shield of Resistance {rF+ rC+ MR+}
   (You found it on level 7 of the Dungeon)

   It protects you from fire.
   It protects you from cold.
   It affects your resistance to hostile enchantments.
 A - a scarf of harm
 U - the +0 cloak "Senaz" (worn) {rC- rN+ SInv}
   (You found it on level 12 of the Dungeon)

   It makes you vulnerable to cold.
   It protects you from negative energy.
   It lets you see invisible.
Magical Staves
 t - an uncursed staff of conjuration
Jewellery
 a - a ring of fire (right hand)
 l - an amulet of reflection (around neck)
 m - an uncursed ring of ice
 o - an uncursed ring of see invisible
 z - an uncursed ring of protection from magic
 K - a +6 ring of intelligence (left hand)
 W - an uncursed amulet of the acrobat
Wands
 b - a wand of iceblast (32)
 r - a wand of paralysis (17)
 u - a wand of digging (10)
 G - a wand of flame (28)
 L - a wand of random effects (28)
 M - a wand of disintegration (29)
 O - a wand of polymorph (7)
Scrolls
 d - 4 scrolls of amnesia
 e - 5 scrolls of teleportation
 f - 6 scrolls of remove curse
 j - 3 scrolls of magic mapping
 C - a scroll of blinking
 I - a scroll of silence
 Q - a scroll of fear
 S - a scroll of fog {unknown}
 Z - a scroll of vulnerability {unknown}
Potions
 c - 4 potions of ambrosia
 h - 2 potions of flight
 n - 3 potions of haste
 q - 2 potions of cancellation
 s - a potion of brilliance
 v - 2 potions of stabbing {unknown}
 w - 3 potions of heal wounds
 B - 2 potions of curing {unknown}
 D - a potion of resistance {unknown}
 E - a potion of magic {unknown}
 J - 2 potions of invisibility {unknown}
 N - a potion of mutation {unknown}
 T - 4 potions of berserk rage {unknown}
Books
 F - a manual of Stealth


   Skills:
 + Level 7.4 Dodging
 + Level 9.9 Stealth
 + Level 0.3 Shields
 * Level 12.1 Spellcasting
 * Level 11.6 Conjurations
 + Level 7.2 Hexes
 + Level 6.6 Translocations
 + Level 7.1 Evocations


You had 17 spell levels left.
You knew the following spells:

 Your Spells              Type           Power        Failure   Level
a - Magic Dart            Conj           ####         0%          1
b - Searing Ray           Conj           ######       1%          2
c - Dazzling Flash        Conj/Hex       ######       1%          3
d - Fulminant Prism       Conj/Hex       ######....   1%          4
e - Iskenderun's Mystic   Conj/Tloc      ######..     1%          4
f - Blink                 Tloc           N/A          1%          2
g - Apportation           Tloc           ######       1%          1
h - Slow                  Hex            ######..     1%          2

Your spell library contained the following spells:

 Spells                   Type           Power        Failure   Level
 Airstrike                Air            ###.......   7%          4
 Corona                   Hex            ######.      1%          1
 Conjure Flame            Conj/Fire      ######..     1%          3
 Mephitic Cloud           Conj/Pois/Air  #####...     1%          3
 Animate Skeleton         Necr           ###...       2%          1
 Summon Small Mammal      Summ           ###.         2%          1
 Call Imp                 Summ           ###.....     3%          2


Dungeon Overview and Level Annotations

Branches:
Dungeon (13/15)            Temple (1/1) D:5            Lair (0/6) D:10
    Orc (0/2) D:10          IceCv (visited)
 Vaults: D:13-14

Altars:
Ashenzari
Cheibriados
Dithmenos
Elyvilon
Fedhas
Gozag
Hepliaklqana
Kikubaaqudgha
Makhleb
Nemelex Xobeh
Okawaru
Qazlal
Ru
Trog
Uskayaw
Vehumet
Wu Jian
Xom
Yredelemnul
Zin
The Shining One

Shops:
D:4 *   D:8 :   D:12 =

Annotations:
D:3 1 transporter, loom's ghost, amateur OpCj
D:6 4 runed translucent doors, Blork the orc
D:11 2 runed translucent doors


Innate Abilities, Weirdness & Mutations

You can breathe bolts of dispelling energy.
Your rich purple scales are hard. (AC +8)
You cannot fit into any form of body armour.
You are cold-blooded and may be slowed by cold attacks.


Message History

Aiming: Fulminant Prism (safe; 1% risk of failure)
Press: ? - help, Dir - move target cursor, f - ice dragon
Aim: an ice dragon
Okay, then.
Casting: Fulminant Prism (safe; 1% risk of failure)
Confirm with . or Enter, or press ? or * to list all spells.
Okay, then.
The ice dragon misses you. The ice dragon claws you!
The ice dragon tramples you.
You stumble backwards!
There is a stone staircase leading down here.
Casting: Fulminant Prism (safe; 1% risk of failure)
Confirm with . or Enter, or press ? or * to list all spells.
Aiming: Slow (safe; 1% risk of failure)
Press: ? - help, Shift-Dir - straight line, f - ice dragon
Aim: an ice dragon (chance to defeat MR: 72%)
The ice dragon struggles to resist.
The ice dragon breathes frost at you. The blast of cold hits you!!!
You feel a terrible chill!
Ouch! That really hurt!
You die...

##### ############ ##...##
#..........# ##.###.##
#.########.# ##.## ##.## #.#
####@#####.## ##.## #.#
#.>D.).....# #.## #.#
#..#.#####.## ##.## #.#
#..#.# ##.## ##.### #.#
#..#.# ##.###.## #
##.#####..#.######.....#####
#....)....#.^.............##
#.............####.##.......
#.#####.≈≈≈≈≈..###.#########


You could see an ice dragon (catching breath).

Vanquished Creatures
  A frost giant (IceCv)
  A two-headed ogre (D:8)
  The ghost of Richi the Archer, a novice HuHu of Gozag (D:7)
  2 death yaks (IceCv)
  The ghost of MrRokkomies the Fighter, a novice BaFi of Cheibriados (D:7)
  An unseen horror (D:11)
  The ghost of brujo666 the Spear-Bearer, a novice DsFi of Okawaru (D:7)
  A cyclops (D:11)
  A deep elf mage (D:12)
  An ugly thing (D:11)
  An ice statue (IceCv)
  2 centaur zombies
  The ghost of harlaan the Thaumaturge, a novice DESu of Sif Muna (D:7)
  2 rime drakes (D:12)
  A queen bee (D:12)
  4 trolls
  3 meliai (D:12)
  13 polar bears (IceCv)
  7 hippogriffs
  A wraith (D:10)
  Sigmund (D:4)
  32 yaks
  3 vampire mosquitoes (D:13)
  An acid dragon (D:12)
  4 ice beasts
  A hornet zombie (D:9)
  2 eyes of draining
  3 sky beasts
  3 orc warriors
  A black bear (D:10)
  18 wolves
  8 ogres
  2 necrophages
  A phantom (D:8)
  3 centaurs
  3 crocodiles
  A big kobold (D:9)
  A gnoll sergeant (D:10)
  6 bullfrogs
  2 scorpions
  3 wights
  19 killer bees
  3 electric eels (D:10)
  3 howler monkeys
  A crimson imp (D:8)
  13 hounds
  6 jellies
  3 orc priests
  6 bullfrog skeletons
  3 centaur skeletons
  An iguana (D:7)
  10 orc wizards
  5 worker ants
  5 gnolls (D:10)
  17 adders
  2 shadow imps
  2 white imps (D:5)
  2 ufetubi
  4 adder skeletons
  4 worms
  4 dart slugs
  8 leopard geckos
  37 orcs
  2 bat zombies (D:7)
  9 giant cockroaches
  12 goblins
  13 hobgoblins
  18 jackals
  7 quokkas
  A ball python (D:2)
  4 bats
  4 frilled lizards
  A giant cockroach zombie (D:5)
  17 kobolds
  A leopard gecko zombie (D:6)
  A quokka zombie (D:9)
  6 rats
  2 rat zombies (D:7)
  A bush (D:2)
  2 fulminant prisms
404 creatures vanquished.

Vanquished Creatures (others)
  78 fulminant prisms
78 creatures vanquished.

Grand Total: 482 creatures vanquished

Notes
Turn   | Place    | Note
-------+----------+-------------------------------------------
     0 | D:1      | ANON1729 the Draconian Conjurer began the quest for the
                  | Orb.
     0 | D:1      | Reached XP level 1. HP: 14/14 MP: 3/3
   527 | D:1      | Reached XP level 2. HP: 20/20 MP: 5/5
   846 | D:1      | Learned a level 2 spell: Searing Ray
  1338 | D:2      | Reached XP level 3. HP: 26/26 MP: 1/6
  2316 | D:2      | Reached XP level 4. HP: 33/33 MP: 8/8
  2739 | D:2      | Reached skill level 3 in Spellcasting
  3335 | D:3      | Reached XP level 5. HP: 30/38 MP: 9/9
  3549 | D:3      | Found a shadowy altar of Dithmenos.
  3967 | D:3      | Noticed loom's ghost (amateur OpCj)
  3980 | D:3      | Found a transporter.
  4269 | D:3      | Reached skill level 5 in Conjurations
  4493 | D:4      | Found a shattered altar of Ashenzari.
  4504 | D:4      | Found Mefop's Lightly-Used Armoury.
  4515 | D:4      | Bought a -3 triple sword for 1 gold piece
  4515 | D:4      | Bought a -3 fustibalus for 1 gold piece
  4515 | D:4      | Bought a -3 double sword for 1 gold piece
  4515 | D:4      | Bought a -3 triple crossbow for 1 gold piece
  4515 | D:4      | Bought a -2 demon blade for 70 gold pieces
  4515 | D:4      | Bought a -3 eveningstar for 1 gold piece
  4741 | D:4      | Noticed Sigmund
  4783 | D:4      | Reached XP level 6. HP: 23/45 MP: 11/11
  4969 | D:4      | Killed Sigmund
  4969 | D:4      | Reached skill level 4 in Spellcasting
  5270 | D:4      | Your scales start taking on a rich purple colour.
  5270 | D:4      | Reached skill level 5 in Spellcasting
  5270 | D:4      | Reached XP level 7. HP: 34/50 MP: 14/14
  5891 | D:4      | HP: 2/50 [ogre/+0 giant club (14)]
  6768 | D:5      | Entered Level 5 of the Dungeon
  6774 | D:5      | Found a staircase to the Ecumenical Temple.
  6828 | Temple   | Entered the Ecumenical Temple
  7085 | D:5      | Reached skill level 6 in Spellcasting
  7397 | D:5      | Reached XP level 8. HP: 38/57 MP: 17/17
  7640 | D:5      | Found a white marble altar of Elyvilon.
  8436 | D:5      | Learned a level 3 spell: Dazzling Flash
  8441 | D:5      | Learned a level 4 spell: Fulminant Prism
  8446 | D:5      | Learned a level 4 spell: Iskenderun's Mystic Blast
  8585 | D:6      | Reached skill level 7 in Spellcasting
  9193 | D:6      | Reached skill level 1 in Hexes
  9193 | D:6      | Reached skill level 1 in Evocations
  9217 | D:6      | Reached skill level 1 in Translocations
  9611 | D:4      | Bought a -1 quick blade for 140 gold pieces
  9667 | D:6      | Found a large runed translucent door.
  9689 | D:6      | Found a large runed translucent door.
  9691 | D:6      | Found a large runed translucent door.
 10216 | D:6      | Found a large runed translucent door.
 10579 | D:6      | Reached XP level 9. HP: 53/62 MP: 20/20
 10824 | D:6      | Noticed Blork the orc
 11052 | D:7      | Found a sacrificial altar of Ru.
 11412 | D:7      | Noticed a troll
 11423 | D:7      | Reached skill level 5 in Stealth
 11677 | D:7      | Reached skill level 8 in Spellcasting
 11678 | D:7      | Killed a troll
 12002 | D:7      | Found a runed translucent gate.
 12002 | D:7      | Found a runed translucent gate.
 12003 | D:7      | Found a runed translucent gate.
 12003 | D:7      | Noticed MrRokkomies's ghost (novice BaFi)
 12003 | D:7      | Noticed brujo666's ghost (novice DsFi)
 12004 | D:7      | Noticed harlaan's ghost (novice DESu)
 12005 | D:7      | Noticed Richi's ghost (novice HuHu)
 12336 | D:7      | Found a shimmering altar of Xom.
 12337 | D:7      | Found a hazy altar of Hepliaklqana.
 12338 | D:7      | Noticed a spectral ugly thing
 12374 | D:7      | Found the +2 shield of Resistance {rF+ rC+ MR+}
 12502 | D:7      | Learned a level 2 spell: Blink
 12509 | D:7      | Learned a level 1 spell: Apportation
 12512 | D:7      | Learned a level 2 spell: Slow
 12616 | D:7      | Reached skill level 5 in Dodging
 12843 | D:7      | Found an ancient bone altar of Kikubaaqudgha.
 12907 | D:8      | Found Tuehiuje's Book Boutique.
 13043 | D:8      | Found a burning altar of Makhleb.
 13237 | D:8      | Found a radiant altar of Vehumet.
 13249 | D:8      | Became a worshipper of Vehumet
 13279 | D:8      | Noticed a two-headed ogre
 13284 | D:8      | Killed a two-headed ogre
 13284 | D:8      | Reached XP level 10. HP: 49/69 MP: 14/22
 13921 | D:9      | Reached skill level 9 in Spellcasting
 14497 | D:9      | Found an iron altar of Okawaru.
 14907 | D:10     | Entered Level 10 of the Dungeon
 14907 | D:10     | Found a staircase to the Orcish Mines.
 15465 | D:10     | Found an opulent altar of Gozag.
 15482 | D:10     | You fall into a shaft and drop 2 floors!
 15497 | D:12     | Noticed a deep elf mage
 15509 | D:12     | Killed a deep elf mage
 15512 | D:12     | Reached * piety under Vehumet
 15512 | D:12     | Offered knowledge of Shock by Vehumet.
 15555 | D:12     | Found a frozen archway.
 15562 | D:12     | HP: 2/69 [rime drake (3)]
 15840 | IceCv    | Entered an ice cave
 15943 | IceCv    | Reached XP level 11. HP: 74/74 MP: 14/24
 16023 | IceCv    | Reached skill level 10 in Spellcasting
 16034 | IceCv    | Reached skill level 5 in Hexes
 16037 | IceCv    | Reached skill level 5 in Evocations
 16369 | IceCv    | Reached skill level 10 in Conjurations
 16733 | IceCv    | Reached skill level 5 in Translocations
 16958 | IceCv    | Noticed a death yak
 16964 | IceCv    | Reached ** piety under Vehumet
 16964 | IceCv    | Offered knowledge of Foxfire by Vehumet.
 16964 | IceCv    | Killed a death yak
 17187 | IceCv    | Noticed a frost giant
 17187 | IceCv    | Noticed a death yak
 17193 | IceCv    | Reached skill level 11 in Spellcasting
 17196 | IceCv    | Killed a death yak
 17196 | IceCv    | Reached XP level 12. HP: 49/81 MP: 20/27
 17200 | IceCv    | Killed a frost giant
 17921 | D:12     | Found Ipron's Jewellery Shop.
 18433 | D:12     | Offered knowledge of Inner Flame by Vehumet.
 18634 | D:12     | Got a crude cloak
 18645 | D:12     | Identified the +0 cloak "Senaz" {rC- rN+ SInv} (You found
                  | it on level 12 of the Dungeon)
 18725 | D:12     | Reached *** piety under Vehumet
 19328 | D:10     | Got a smoking spear
 19329 | D:10     | Identified the +3 spear of Profit {flame, rF+ MP+9 Int+4}
                  | (You found it on level 10 of the Dungeon)
 19346 | D:10     | Offered knowledge of Airstrike by Vehumet.
 19832 | D:10     | Found a staircase to the Lair.
 20303 | D:11     | Found a runed translucent door.
 20304 | D:11     | Noticed an ice dragon
 20305 | D:11     | Noticed a fire dragon
 20306 | D:11     | Noticed a fire dragon
 20306 | D:11     | Noticed an ice dragon
 20308 | D:11     | Found a runed translucent door.
 21220 | D:11     | Got a bloodstained flail
 21221 | D:11     | Identified the +7 flail of a Thousand Lives {flame, +Blink
                  | Dex+7} (You found it on level 11 of the Dungeon)
 21393 | D:7      | Killed brujo666's ghost
 21396 | D:7      | Killed MrRokkomies's ghost
 21396 | D:7      | Reached skill level 12 in Spellcasting
 21396 | D:7      | Killed harlaan's ghost
 21396 | D:7      | Killed Richi's ghost
 21880 | D:13     | Reached XP level 13. HP: 86/86 MP: 29/29
 21883 | D:13     | Reached **** piety under Vehumet
 21907 | D:12     | Killed from afar by an ice dragon

Illustrated notes

Levels and vault maps discovered:
D:1:      co_arrival_square_in_a_square_in_a_square, layout_basic,
          chequers_jeans
D:2:      layout_basic, serial_forest, infiniplex_forest_end_1,
          infiniplex_forest_lined_2, infiniplex_forest_lined_room_2,
          infiniplex_forest_corner_2, infiniplex_forest_end_2,
          infiniplex_forest_straight_4, infiniplex_forest_clump_small,
          infiniplex_forest_clump_curved, infiniplex_forest_end_3,
          kennysheep_path_1
D:3:      layout_loops_corners, gammafunk_ghost_stat_death,
          nicolae_dithmenos_shadow_blocks
D:4:      layout_basic, gup_sewer_entry_glass, st_stairs_3,
          hangedman_decor_lopped, minmay_shop_damaged, grunt_ministairs_5,
          serial_bayou_pond_d, nicolae_ashenzari_panopticon, uniq_sigmund
D:5:      layout_cave_pools, kennysheep_mini_moat,
          minmay_temple_entry_enclosed_plants
D:6:      layout_rooms, tgw_sif, hangedman_glass_teeth,
          minmay_hollow_rounded_squares, uniq_blork_the_orc
D:7:      layout_gridville, regret_index_temple_of_mockery,
          lemuel_zombie_altar_kikubaaqudgha, nicolae_ru_awakened_eye,
          gammafunk_ghost_cemetery
D:8:      layout_basic, makhleb_grotto_becter, vehumet_crystals, serial_shops,
          nicolae_shop_crystal, wad_floor_pattern_2
D:9:      layout_irregular_city, okawaru_altar_gauntlet_db,
          kennysheep_generic_room_10
D:10:     layout_loops_cross, erik_lair_island, orc_0_dummy, basic_altar
D:11:     layout_small_grid, hangedman_decor_diamond_cutter,
          minmay_guarded_unrand_resistance
D:12:     layout_loops_ring, serial_shops,
          nicolae_shop_temple_entry_statues_fountains, portal_ice_cave_rime,
          special_room [special_room_bee], minivault_14
D:13:     minmay_the_grid_3x3 [minmay_the_grid_minigrid_large,
          minmay_the_grid_plusring, minmay_the_grid_dragon_a,
          minmay_the_grid_fan, minmay_the_grid_mess,
          minmay_the_grid_medium_cups, minmay_the_grid_spikes,
          minmay_the_grid_x, minmay_the_grid_prize_trominoes], layout_basic,
          david_vaults_4, basic_altar, hex_tiny, chequers_serial_rivers_small_b,
          hangedman_abyss_or_decor_stabs
Temple:   nicolae_temple_figure_eight

Skill      XL: |  1  2  3  4  5  6  7  8  9 10 11 12 |
---------------+-------------------------------------+-----
Stealth        | 2 3 4 5 7 8 9 |  9.9
Dodging        | 2 3 4 5 6 7 |  7.4
Spellcasting   | 3 5 6 7 8 9 11 12 | 12.1
Conjurations   | 5 6 7 8 9 10 11 | 11.6
Hexes          | 1 3 4 6 7 |  7.2
Evocations     | 1 3 4 5 7 |  7.1
Translocations | 1 3 4 5 6 |  6.6
Shields        | |  0.3

Action                   |  1- 3 |  4- 6 |  7- 9 | 10-12 | 13-15 || total
-------------------------+-------+-------+-------+-------+-------++-------
Melee: Dagger            |   124 |   262 |   278 |       |       ||   664
       Tailslap          |    11 |    25 |    59 |    29 |     1 ||   125
       Quick blade       |       |       |   270 |       |       ||   270
       Dire flail        |       |       |    53 |    40 |       ||    93
       Demon blade       |       |       |    40 |       |       ||    40
       Staff             |       |       |   135 |    69 |       ||   204
       Spear             |       |       |       |   109 |    15 ||   124
 Cast: Magic Dart        |     4 |       |    15 |    40 |       ||    59
       Dazzling Flash    |       |       |     3 |     3 |       ||     6
       Searing Ray       |       |       |     7 |    56 |     1 ||    64
       Fulminant Prism   |       |       |     4 |    76 |       ||    80
       Iskenderun's Myst |       |       |       |     3 |       ||     3
       Blink             |       |       |       |     2 |       ||     2
       Slow              |       |       |       |       |     2 ||     2
 Abil: Breathe Dispellin |       |       |    16 |     7 |       ||    23
Evoke: Wand              |       |       |       |     3 |       ||     3
  Use: Potion            |       |     1 |     5 |       |       ||     6
       Scroll            |       |       |    11 |     6 |       ||    17
 Stab: Sleeping          |     1 |     8 |     9 |     2 |       ||    20
Armor: Skin              |    42 |    56 |   397 |   145 |    11 ||   651
Dodge: Dodged            |    95 |   129 |   579 |   327 |    17 ||  1147
Block: Other             |       |       |    30 |   107 |     4 ||   141
       Reflection        |       |       |       |     4 |       ||     4
       Rpst.: Demon blade |       |       |     6 |       |       ||     6

Table legend:
 A = Non-vault XP
 B = Vault XP
 C = Vault XP percentage of total XP
 D = Non-vault monster count
 E = Vault monster count
 F = Vault count percentage of total count
                 A         B        C        D         E       F
            +---------+---------+-------+---------+---------+-------
      Total |   18127 |   20458 |  53.0 |     287 |     114 |  28.4
            +---------+---------+-------+---------+---------+-------
        D:1 |      29 |       0 |   0.0 |      18 |       0 |   0.0
        D:2 |     126 |       0 |   0.0 |      35 |       0 |   0.0
        D:3 |     125 |       0 |   0.0 |      33 |       0 |   0.0
        D:4 |     508 |     299 |  37.1 |      20 |       7 |  25.9
        D:5 |     851 |       0 |   0.0 |      20 |       0 |   0.0
        D:6 |     747 |     299 |  28.6 |      20 |       9 |  31.0
        D:7 |    1751 |    2647 |  60.2 |      32 |       8 |  20.0
        D:8 |    1492 |      48 |   3.1 |       9 |       1 |  10.0
        D:9 |     694 |     112 |  13.9 |      19 |       8 |  29.6
       D:10 |    2208 |     791 |  26.4 |      33 |       8 |  19.5
       D:11 |    4707 |       0 |   0.0 |      24 |       0 |   0.0
       D:12 |    3379 |    2861 |  45.8 |      18 |      20 |  52.6
       D:13 |    1510 |       0 |   0.0 |       6 |       0 |   0.0
      IceCv |       0 |   13401 | 100.0 |       0 |      53 | 100.0
            +---------+---------+-------+---------+---------+-------
